 Dungeon Sprint DCSS version 0.17-a0-1301-ga863c44 (webtiles) character file.

254 Kidiri the Covert (level 5, -9/29 HPs)
             Began as a Spriggan Assassin on June 7, 2015.
             Was a Priest of Dithmenos.
             Mangled by Menkaure (22 damage)
             ... in the Dungeon (Sprint VII: "The Pits").
             The game lasted 00:06:19 (729 turns).

Kidiri the Covert (Spriggan Assassin)                Turns: 729, Time: 00:06:19

Health: -9/29      AC:  3    Str:  7    XL:     5   Next: 90%
Magic:  6/6        EV: 25    Int: 12    God:    Dithmenos [***...]
Gold:   0          SH:  0    Dex: 19    Spells: 0 memorised, 4 levels left

rFire  . . .     SeeInvis +     a - +2 dagger
rCold  . . .     Clarity  .     c - +0 robe
rNeg   . . .     SustAt   .     (shield restricted)
rPois  .         Gourm    .     (helmet restricted)
rElec  .         Spirit   .     d - +0 cloak
rCorr  .         Warding  .     (gloves unavailable)
rMut   .         NoTele   +     (boots unavailable)
MR     .....                    (no amulet)
Stlth  ++++++++..               (no ring)
                                (no ring)

@: wreathed by umbra, very quick, not resistant to hostile enchantments,
extraordinarily stealthy
A: unfitting armour, see invisible, herbivore 3, speed 3, slow metabolism 2
a: Shadow Step, Renounce Religion


You were in the Dungeon.
You worshipped Dithmenos.
Dithmenos was most pleased with you.
You were not hungry.

You visited 1 branch

Inventory:

Hand weapons
 a - a +2 dagger (weapon)
 b - a +0 blowgun
 t - a +0 dagger of draining
Missiles
 e - 8 poisoned needles
 f - 2 curare-tipped needles
 s - a throwing net (quivered)
Armour
 c - a +0 robe (worn)
 d - a +0 cloak (worn)
Scrolls
 m - a scroll of blinking
 p - 3 scrolls of remove curse
 q - 5 scrolls of amnesia
 r - a scroll of summoning
Potions
 h - 6 potions of curing
 i - 5 potions of heal wounds
 j - a potion of haste
 k - 4 potions of magic
 l - 3 potions of berserk rage
 o - 2 potions of invisibility
Comestibles
 g - 8 bread rations
 n - 40 fruits


   Skills:
 + Level 3.8 Fighting
 * Level 7.1 Short Blades
 + Level 5.1 Throwing
 * Level 8.8 Dodging
 * Level 11.0 Stealth


You had 4 spell levels left.
You didn't know any spells.

Dungeon Overview and Level Annotations

Branches:
Dungeon (1/1)

Altars:
Ashenzari
Cheibriados
Dithmenos
Elyvilon
Fedhas
Gozag
Kikubaaqudgha
Makhleb
Nemelex Xobeh
Okawaru
Qazlal
Ru
Sif Muna
Trog
Vehumet
Xom
Yredelemnul
Zin
The Shining One
Beogh
Jiyva
Lugonu

Annotations:
D Menkaure


Innate Abilities, Weirdness & Mutations

You are tiny and cannot use many weapons and most armour.
You have supernaturally acute eyesight.
You are a herbivore.
You cover ground extremely quickly.
You need consume almost no food.


Message History

You barely miss the orc priest.
The orc priest is heavily wounded.
Menkaure completely misses you.
You hit the orc priest but do no damage.
You drain the orc priest!
The orc priest is severely wounded.
The orc priest misses you. Menkaure misses you.
Wield which item (- for none, * to show all)? (? for menu, Esc to quit)
a - a +2 dagger (weapon)
You barely miss the orc priest.
The orc priest is severely wounded.
Menkaure completely misses you.
The orc priest utters an invocation to Beogh.
You feel a wave of unholy energy pass over you.
Unknown command.
You barely miss the orc priest.
The orc priest is severely wounded.
Menkaure hits you!!
Ouch! That really hurt!
You die...

############
#__________#
#__________#
#.#####+###########
#_#)))+.+%.##......
#_#)))#.#?(##......
#######+#####......
#o@.......))'......
#M#####+#####......
#o#..#..#..##......
#.#..+..+).#####'##
#.##+####+###......
#.#....)...##......
#.#........##......
#.#####+#####...<..
#o#...)))[.##......


You could see Menkaure and 2 orc priests.

Vanquished Creatures
  A porcupine (D)
  An ice beast (D)
  An orc wizard (D)
  A gnoll (D)
  An ufetubus (D)
  An adder skeleton (D)
  2 orcs (D)
  2 hobgoblins (D)
  2 kobolds (D)
  2 giant cockroaches (D)
  A jackal skeleton (D)
15 creatures vanquished.

Notes
Turn   | Place    | Note
--------------------------------------------------------------
     0 | D        | Kidiri the Spriggan Assassin began the quest for the Orb.
     0 | D        | Reached XP level 1. HP: 10/10 MP: 2/2
    15 | D        | Reached skill level 6 in Stealth
    25 | D        | Found a sacrificial altar of Ru.
    25 | D        | Found a basalt altar of Yredelemnul.
    25 | D        | Found a shadowy altar of Dithmenos.
    25 | D        | Found a deep blue altar of Sif Muna.
    25 | D        | Found a burning altar of Makhleb.
    25 | D        | Found a shimmering altar of Xom.
    25 | D        | Found an ancient bone altar of Kikubaaqudgha.
    25 | D        | Found a sparkling altar of Nemelex Xobeh.
    26 | D        | Found a glowing golden altar of the Shining One.
    26 | D        | Found a bloodstained altar of Trog.
    26 | D        | Found a shattered altar of Ashenzari.
    26 | D        | Found a white marble altar of Elyvilon.
    26 | D        | Found a snail-covered altar of Cheibriados.
    26 | D        | Found a blossoming altar of Fedhas.
    26 | D        | Found a radiant altar of Vehumet.
    26 | D        | Found a glowing silver altar of Zin.
    26 | D        | Found a corrupted altar of Lugonu.
    26 | D        | Found a viscous altar of Jiyva.
    26 | D        | Found a roughly hewn altar of Beogh.
    26 | D        | Found an iron altar of Okawaru.
    29 | D        | Became a worshipper of Dithmenos the Shadowed
    33 | D        | Found a stormy altar of Qazlal.
    33 | D        | Found an opulent altar of Gozag.
   363 | D        | Reached XP level 2. HP: 13/15 MP: 3/3
   412 | D        | Noticed a porcupine
   415 | D        | Acquired Dithmenos's first power
   415 | D        | Reached skill level 7 in Stealth
   416 | D        | Killed a porcupine
   416 | D        | Reached skill level 5 in Short Blades
   416 | D        | Reached skill level 9 in Stealth
   416 | D        | Reached XP level 3. HP: 6/20 MP: 4/4
   416 | D        | Reached XP level 4. HP: 7/24 MP: 5/5
   657 | D        | Noticed Menkaure
   658 | D        | Noticed a giant frog
   658 | D        | Noticed an orc priest
   659 | D        | Noticed an orc wizard
   663 | D        | Noticed an ice beast
   686 | D        | Noticed an orc priest
   693 | D        | Killed an orc wizard
   693 | D        | Acquired Dithmenos's second power
   693 | D        | Reached skill level 10 in Stealth
   693 | D        | Reached XP level 5. HP: 12/28 MP: 6/6
   721 | D        | Killed an ice beast
   721 | D        | Reached skill level 5 in Throwing
   721 | D        | Reached skill level 11 in Stealth
   729 | D        | Mangled by Menkaure

Vault maps used:
D:        pitsprint

Action                   |  1- 3 |  4- 6 || total
-------------------------+-------+-------++-------
Melee: Dagger            |    32 |    41 ||    73
 Fire: Blowgun           |     2 |       ||     2
  Use: Potion            |       |     1 ||     1
 Stab: Sleeping          |     2 |     3 ||     5
